 Dungeon Crawl Stone Soup version 0.23.2-33-g5129a83184 (webtiles) character file.

Game seed: 437350231433149217

79 Felnil the Sneak (level 4, -7/22 HPs)
             Began as a Spriggan Assassin on Aug 8, 2019.
             Killed by divine providence
             ... invoked by an orc priest
              (13 damage)
             ... on level 3 of the Dungeon.
             The game lasted 00:04:09 (1268 turns).

Felnil the Sneak (Spriggan Assassin)                Turns: 1268, Time: 00:04:11

Health: -7/22      AC:  3    Str:  7    XL:     4   Next: 16%
Magic:  5/5        EV: 19    Int: 12    God:
Gold:   52         SH:  0    Dex: 18    Spells: 3/3 levels left

rFire    . . .     SeeInvis +   a - +2 dagger
rCold    . . .     Gourm    .   (shield restricted)
rNeg     . . .     Faith    .   c - +0 robe
rPois    .         Spirit   .   (helmet restricted)
rElec    .         Reflect  .   d - +0 cloak
rCorr    .         Harm     .   (gloves unavailable)
MR       .....                  (boots unavailable)
Stlth    ++++......             (no amulet)
HPRegen  0.07/turn              (no ring)
MPRegen  0.09/turn              (no ring)

@: very quick
A: very small, unfitting armour, see invisible, herbivore, speed 3, slow
metabolism 2
a: no special abilities


You were on level 3 of the Dungeon.
You were not hungry.

You visited 1 branch of the dungeon, and saw 3 of its levels.

You collected 52 gold pieces.

Inventory:

Hand Weapons
 a - a +2 dagger (weapon)
 b - a +0 blowgun
Missiles
 e - 8 poisoned needles
 f - 2 curare-tipped needles
 o - a throwing net (quivered)
Armour
 c - a +0 robe (worn)
 d - a +0 cloak (worn)
Scrolls
 h - 3 scrolls of teleportation {unknown}
 i - a scroll of fear {unknown}
 j - a scroll of remove curse
 k - a scroll of immolation {unknown}
 n - 2 scrolls of identify {unknown}
Potions
 l - a potion of heal wounds {unknown}
 m - a potion of might {unknown}
Comestibles
 g - 3 rations


   Skills:
 - Level 1.5 Fighting
 + Level 3.3 Short Blades
 - Level 2.0 Throwing
 + Level 3.5 Dodging
 + Level 6.9 Stealth


You had 3 spell levels left.
You didn't know any spells.
Your spell library was empty.

Dungeon Overview and Level Annotations

Branches:
Dungeon (3/15)

Altars:
Xom


Innate Abilities, Weirdness & Mutations

You are very small and have problems with some larger weapons.
You are too small for most types of armour.
You have supernaturally acute eyesight. (SInv)
You are a herbivore.
You cover ground extremely quickly.
You need to consume almost no food.


Message History

The orc misses you.
You hit the orc.
The orc is almost dead.
You hit the orc but do no damage.
The orc is almost dead.
The orc misses you.
The orc priest calls upon Beogh to heal the orc.
The orc is healed somewhat.
You closely miss the orc.
The orc is lightly wounded.
The orc closely misses you.
You hit the orc.
The orc is severely wounded.
You closely miss the orc.
The orc is severely wounded.
The orc hits you but does no damage.
The orc priest invokes the aid of Beogh against you.
Beogh smites you!
Ouch! That really hurt!
You die...

..#.# #.#.#
##.....##.#.##
#.......#....###
#.o...≈.#......#
#....o..#....#.#
#o......#.#.##.#
#..oo..o#.#.##.#
#.≈...≈.#@#.##.#
#.......#o#.##.#
......o.oo#^##.#
#>....#####.##.#
#..### ##...#.#
#. #......# #
#....###
#.#.#######
#.........#


You could see an orc priest and 2 orcs.

Vanquished Creatures
  Terence (D:3)
  2 adders (D:2)
  2 orcs (D:3)
  4 bats
  2 giant cockroaches (D:2)
  4 goblins
  6 hobgoblins
  5 kobolds
  A quokka (D:2)
  3 frilled lizards (D:1)
  6 rats (D:1)
36 creatures vanquished.

Notes
Turn   | Place    | Note
-------+----------+-------------------------------------------
     0 | D:1      | Felnil the Spriggan Assassin began the quest for the Orb.
     0 | D:1      | Reached XP level 1. HP: 10/10 MP: 2/2
    87 | D:1      | Reached skill level 6 in Stealth
   114 | D:1      | Reached XP level 2. HP: 14/14 MP: 3/3
   675 | D:2      | Reached XP level 3. HP: 18/18 MP: 4/4
   817 | D:2      | Found a shimmering altar of Xom.
  1231 | D:3      | Noticed Terence
  1234 | D:3      | Killed Terence
  1234 | D:3      | Reached XP level 4. HP: 22/22 MP: 5/5
  1268 | D:3      | Killed from afar by an orc priest

Skill      XL: |  1  2  3 |
---------------+----------+-----
Stealth        | 6 |  6.9
Dodging        | 2 3 |  3.5
Short Blades   | 3 |  3.3
Fighting       | |  1.5
Throwing       | |  2.0

Action                   |  1- 3 |  4- 6 || total
-------------------------+-------+-------++-------
Melee: Dagger            |    98 |    21 ||   119
  Use: Scroll            |     1 |       ||     1
 Stab: Sleeping          |    14 |       ||    14
Armor: Robe              |    14 |     3 ||    17
Dodge: Dodged            |    66 |    10 ||    76
